 Dungeon Crawl Stone Soup version 0.28.0-53-g5a82cb258f (webtiles) character file.

Game seed: 4275251746199881678

224 nickcage the Stinger (level 5, 0/24 HPs)
             Began as a Spriggan Venom Mage on May 25, 2022.
             Slain by a mummy (17 damage)
             ... on level 4 of the Dungeon.
             The game lasted 00:10:46 (3605 turns).

nickcage the Stinger (Spriggan Venom Mage)          Turns: 3605, Time: 00:10:47

Health: 0/24       AC:  2    Str:  4    XL:     5   Next: 67%
Magic:  8/10       EV: 17    Int: 19    God:
Gold:   134        SH:  0    Dex: 15    Spells: 0/10 levels left

rFire   . . .      SeeInvis +   k - +0 rapier
rCold   . . .      Faith    .   (no shield)
rNeg    . . .      Spirit   .   a - +0 robe
rPois   .          Reflect  .   (helmet restricted)
rElec   .          Harm     .   (no cloak)
rCorr   .          Rampage  .   (gloves unavailable)
Will    .....                   (boots unavailable)
Stlth   ++........              (no amulet)
HPRegen 0.08/turn               (no ring)
MPRegen 0.12/turn               (no ring)

@: very slightly contaminated, very quick
A: very small, no large weapons, unfitting armour, see invisible, speed 3
a: no special abilities


You were on level 4 of the Dungeon.
You visited 1 branch of the dungeon, and saw 4 of its levels.

You collected 134 gold pieces.

Inventory:

Hand Weapons
 b - a +0 dagger
 k - a +0 rapier (weapon)
Armour
 a - a +0 robe (worn)
 j - a +0 buckler
Jewellery
 e - an amulet of the acrobat
 g - a ring of flight
Scrolls
 c - a scroll of magic mapping
 f - a scroll of identify {unknown}
 h - 2 scrolls of immolation {unknown}
 l - a scroll of enchant weapon {unknown}
 m - a scroll of teleportation {unknown}
Potions
 d - a potion of mutation {unknown}
 i - a potion of attraction {unknown}


   Skills:
 - Level 2.6 Dodging
 - Level 3.0 Stealth
 - Level 3.0 Spellcasting
 - Level 2.0 Transmutations
 - Level 1.0 Air Magic
 + Level 6.1 Poison Magic


You couldn't memorise any spells.
You knew the following spells:

 Your Spells              Type           Power      Damage    Failure   Level
a - Sting                 Tmut/Pois      72%        1d6       3%          1
b - Poisonous Vapours     Pois/Air       32%        N/A       5%          2
c - Mephitic Cloud        Conj/Pois/Air  11%        N/A       17%         3
d - Olgreb's Toxic Radia  Pois           26%        N/A       12%         4

Your spell library contained the following spells:

 Spells                   Type           Power      Damage    Failure   Level


Dungeon Overview and Level Annotations

Branches:
Dungeon (4/15)
 Temple: D:4-7

Altars:
Okawaru

Portals:
Ossuary: D:4


Innate Abilities, Weirdness & Mutations

You are very small and have problems with some larger weapons.
You are too small for most types of armour.
You have supernaturally acute eyesight. (SInv)
You cover ground extremely quickly. (Speed+++)


Message History

The bullfrog skeleton barely misses you.
The bullfrog skeleton misses you.
You barely miss the bullfrog skeleton.
The bullfrog skeleton is almost destroyed.
The bullfrog skeleton closely misses you.
You hit the bullfrog skeleton.
The bullfrog skeleton is almost destroyed.
The bullfrog skeleton hits you.
The bullfrog skeleton closely misses you.
You hit the bullfrog skeleton.
The bullfrog skeleton is almost destroyed.
The bullfrog skeleton closely misses you.
You hit the bullfrog skeleton.
You destroy the bullfrog skeleton!
Your Poison Magic skill increases to level 6!
You start resting.
Magic restored.
You start resting.
You hear the slow hiss of an avalanche of sand very nearby.
Found 9 gold pieces.
You now have 134 gold pieces (gained 9).
You open the door.
A mummy comes into view.
Found a sand-covered staircase.
There is an open door here.
You miscast Sting.
You are very lightly contaminated with residual magic.
Nothing appears to happen.
The sting hits the mummy.
The mummy partially resists.
The mummy is lightly damaged.
You hit the mummy.
The mummy is moderately damaged.
The mummy barely misses you.
You hit the mummy.
The mummy is heavily damaged.
You barely miss the mummy.
The mummy is heavily damaged.
The mummy hits you!
Ouch! That really hurt!
You die...

*** ##### ,,* #...## *,*
#.#..#### *,** #.##....##
,,,* *** ##.###....##
*,,*****##.###..#.##....#
*,,,,,,,........#..##...#
,,,,****##.####.@M.∩##..#
,,,,* *,***#.#..##...#
>*,,* *,,,...#.##....#
**,,* ***###.###....##
**,,* #.##..#.## ,,,,*
#.#..##.# **,** #...###.#
**,* ###)....# ,,,*****
#####.#


You could see a mummy.

Vanquished Creatures
  A bullfrog skeleton (D:4)
  11 gnolls (D:2)
  2 adders
  2 worms (D:2)
  A dart slug (D:1)
  2 orcs
  8 endoplasms
  3 giant cockroaches
  4 hobgoblins
  4 jackals (D:1)
  2 quokkas (D:3)
  4 ball pythons
  5 bats
  3 frilled lizards
  5 goblins
  4 kobolds
  7 rats
68 creatures vanquished.

Notes
Turn   | Place    | Note
-------+----------+-------------------------------------------
     0 | D:1      | nickcage the Spriggan Venom Mage began the quest for the
                  | Orb.
     0 | D:1      | Reached XP level 1. HP: 9/9 MP: 5/5
   282 | D:1      | Reached XP level 2. HP: 13/13 MP: 2/6
   285 | D:1      | Learned a level 2 spell: Poisonous Vapours
   598 | D:1      | Found a faded altar of an unknown god.
  1281 | D:2      | Reached skill level 4 in Poison Magic
  1281 | D:2      | Reached XP level 3. HP: 16/16 MP: 1/8
  1700 | D:2      | Reached XP level 4. HP: 13/21 MP: 0/9
  1813 | D:1      | Learned a level 3 spell: Mephitic Cloud
  2061 | D:2      | Reached skill level 5 in Poison Magic
  2356 | D:2      | Reached XP level 5. HP: 24/24 MP: 3/10
  2368 | D:2      | Reached skill level 1 in Air Magic
  2784 | D:2      | Learned a level 4 spell: Olgreb's Toxic Radiance
  2836 | D:3      | Found an iron altar of Okawaru.
  3335 | D:3      | Noticed an ice beast
  3537 | D:4      | Reached skill level 6 in Poison Magic
  3599 | D:4      | Found a sand-covered staircase.
  3605 | D:4      | Slain by a mummy

Illustrated notes

Levels and vault maps discovered:
D:1:      lordsloth_arrival_two_stooges, layout_loops_corners,
          hellmonk_ecumenical_altar_zigzags, chequers_serial_rivers_micro_e
D:2:      layout_basic, chequers_mini_garden, chequers_arboretum
D:3:      layout_rooms, okawaru_trees_1, grunt_ministairs_9
D:4:      layout_loops_ring, gup_ossuary_entry_pyramid

Skill      XL: |  1  2  3  4  5 |
---------------+----------------+-----
Spellcasting   | 3 |  3.0
Transmutations | 2 |  2.0
Poison Magic   | 4 5 6 |  6.1
Air Magic      | 1 |  1.0
Dodging        | |  2.6
Stealth        | |  3.0

Action                   |  1- 3 |  4- 6 || total
-------------------------+-------+-------++-------
Melee: Dagger            |    14 |     3 ||    17
       Rapier            |       |    29 ||    29
 Cast: Sting             |    66 |    79 ||   145
       Poisonous Vapours |       |     1 ||     1
  Use: Scroll            |       |     1 ||     1
 Stab: Sleeping          |     2 |     3 ||     5
Armor: Robe              |     6 |     2 ||     8
Dodge: Dodged            |    26 |    43 ||    69
